 Dungeon Crawl Stone Soup version 0.27.1 (webtiles) character file.

Game seed: 5615183499461413512

12427 Malachi the Prestidigitator (level 11, 0/94 HPs)
             Began as a Vine Stalker Berserker on Aug 24, 2021.
             Was a High Priest of Trog.
             Succumbed to an orc sorcerer's poison
             ... on level 1 of the Orcish Mines.
             The game lasted 00:17:25 (9087 turns).

Malachi the Prestidigitator (VSBe)                  Turns: 9087, Time: 00:17:25

Health: 0/94       AC: 20    Str: 26    XL:     11   Next: 93%
Magic:  11/17      EV: 13    Int:  7    God:    Trog [*****.]
Gold:   355        SH:  0    Dex: 13    Spells: 12/12 levels left

rFire    + . .     SeeInvis .   a - +5 war axe (freeze)
rCold    . . .     Faith    .   (no shield)
rNeg     + . .     Spirit   +   k - +7 chain mail of Fun {Slay+3}
rPois    .         Reflect  .   A - +0 helmet
rElec    .         Harm     .   u - +0 cloak
rCorr    .         Rampage  .   (no gloves)
Will     +....                  b - +2 pair of boots {Fly}
Stlth    ..........             y - amulet of magic regeneration
HPRegen  1.25/turn              l - +4 ring of slaying
MPRegen  0.40/turn              z - ring "Liusmown" {rF+ rN+ EV+4 Str+2}

@: berserking (expiring), lethally poisoned (0 -> -8), flying, very quick
A: fangs 3, regeneration 1, magic shield, antimagic bite, no potion heal 2
a: Renounce Religion, Berserk, Trog's Hand, Brothers in Arms


You were on level 1 of the Orcish Mines.
You worshipped Trog.
Trog was extremely pleased with you.
You visited 2 branches of the dungeon, and saw 11 of its levels.
You also visited: Sewer.

You collected 1982 gold pieces.
You spent 1627 gold pieces at shops.

Inventory:

Hand Weapons
 a - a +5 war axe of freezing (weapon)
 q - the +8 hand crossbow "Sedgh" {vorpal, Dex+4}
   (You found it on level 4 of the Dungeon)

   Any ammunition fired from it inflicts extra damage upon your enemies.
   Dex:       It affects your dexterity (+4).
 s - the +1 dagger of Ypnal {freeze, rF+ rN+ Dex+3}
   (You found it in a sewer)

   It freezes those it strikes, dealing additional cold damage.
   It can also slow down cold-blooded creatures.
   Dex:       It affects your dexterity (+3).
   rF:        It protects you from fire.
   rN:        It protects you from negative energy.
 E - a +0 broad axe
Armour
 b - a +2 pair of boots of flying (worn)
 k - the +7 chain mail of Fun (worn) {Slay+3}
   (You bought it in a shop on level 1 of the Dungeon)

   Slay:      It affects your accuracy & damage with ranged weapons and melee
   (+3).
 n - a +1 robe of cold resistance
 u - a +0 cloak (worn)
 x - a scarf of harm
 A - a +0 helmet (worn)
Jewellery
 l - a +4 ring of slaying (left hand)
 y - an amulet of magic regeneration (around neck)
 z - the ring "Liusmown" (right hand) {rF+ rN+ EV+4 Str+2}
   (You bought it in a shop on level 9 of the Dungeon)

   [ring of evasion]

   EV:        It affects your evasion (+4).
   Str:       It affects your strength (+2).
   rF:        It protects you from fire.
   rN:        It protects you from negative energy.
Wands
 d - a wand of iceblast (7)
 r - a wand of acid (4)
 B - a wand of charming (8)
Scrolls
 i - 2 scrolls of blinking
 t - 3 scrolls of teleportation
 v - 4 scrolls of fog
 w - a scroll of identify
 C - a scroll of fear
Potions
 c - a potion of magic
 e - 3 potions of lignification
 f - 3 potions of brilliance
 g - 2 potions of haste
 h - 4 potions of curing
 j - 2 potions of invisibility
 m - a potion of might
 o - a potion of resistance
 p - a potion of mutation


   Skills:
 - Level 10.0 Fighting
 + Level 8.6 Axes
 + Level 2.0 Armour
 + Level 2.0 Dodging
 - Level 1.0 Spellcasting
 + Level 7.3 Invocations
 - Level 12.0 Evocations


You had 12 spell levels left.
You didn't know any spells.
Your spell library was empty.

Dungeon Overview and Level Annotations

Branches:
Dungeon (10/15)            Temple (0/1) D:5            Lair (0/6) D:9
    Orc (1/2) D:9           Sewer (visited)

Altars:
Fedhas
Makhleb
Ru
Uskayaw
Beogh

Shops:
D:1 *   D:5 [   D:8 (   D:9 =*   Orc:1 [*=


Innate Abilities, Weirdness & Mutations

You have razor-sharp teeth.
Your natural rate of healing is unusually fast.
When hurt, damage is shared between your health and your magic reserves.
Your bite disrupts and absorbs the magic of your enemies.
Potions cannot restore your health.


Message History

You are poisoned.
You slash the sixfirhy! You freeze the sixfirhy.
You kill the sixfirhy!
You hit the orc sorcerer. You freeze the orc sorcerer.
You feel very sick.
The orc sorcerer hits you but does no damage.
You are more poisoned.
Unknown command.
You feel very sick.
The orc sorcerer hits you with a +2 dagger of venom.
You are more poisoned.
* * * LOW HITPOINT WARNING * * *
You feel very sick.
The orc sorcerer hits you with a +2 dagger of venom.
* * * LOW HITPOINT WARNING * * *
You are lethally poisoned!
* * * LOW HITPOINT WARNING * * *
You feel extremely sick.
The orc sorcerer becomes larger for a moment.
The orc sorcerer hits you but does no damage.
There is a lethal amount of poison in your body!
A red film seems to cover your vision as you go berserk!
You feel yourself moving faster!
You feel mighty!
* * * LOW HITPOINT WARNING * * *
You feel very sick. The orc sorcerer barely misses you.
You slice the orc sorcerer!! You freeze the orc sorcerer!
You kill the orc sorcerer!
Trog accepts your kill.
Trog appreciates your killing of a magic user.
* * * LOW HITPOINT WARNING * * *
You feel very sick.
Your Armour skill increases to level 2!
Your Dodging skill increases to level 2!
There is a lethal amount of poison in your body!
There is a lethal amount of poison in your body!
* * * LOW HITPOINT WARNING * * *
You feel very sick.
You feel a strong urge to attack something.
You die...

## .####### ###
..##.#.## ##.##
.#......# #...##
.......## ##.@).##
........##..##$.....#
.............##..#.##
......#.#...##..$...##
.......#...####......#
...........#####....##
.............#.....##
....................##
..∩#.................#


There were no monsters in sight!

Vanquished Creatures
  3 two-headed ogres
  Pikel (D:8)
  2 orc sorcerers (Orc:1)
  An orc knight (Orc:1)
  Maurice (Orc:1)
  3 trolls
  Grinder (D:6)
  Sigmund (D:2)
  A wyvern (D:9)
  6 yaks (D:8)
  Edmund (D:4)
  Menkaure (D:5)
  A warg (Orc:1)
  Duvessa (D:5)
  A water moccasin (D:7)
  5 orc warriors (Orc:1)
  A black bear (D:6)
  A hornet zombie (D:8)
  A sky beast (D:6)
  An ice beast (D:6)
  6 ogres
  2 phantoms
  4 centaurs
  3 kobold brigands (Sewer)
  2 lemures (D:8)
  2 bullfrogs
  3 scorpions
  2 water moccasin skeletons
  Dowan (D:5)
  9 killer bees (D:9)
  10 wights (D:8)
  5 howler monkeys (D:9)
  A bullfrog skeleton (D:4)
  4 hounds
  Crazy Yiuf (D:6)
  8 orc priests
  6 orc wizards
  3 iguanas
  A killer bee zombie (D:7)
  2 hound skeletons
  Robin (D:3)
  10 adders
  2 river rats (Sewer)
  2 white imps
  A worm (D:2)
  3 dart slugs
  30 orcs
  6 ball pythons
  3 bats
  11 endoplasms
  4 giant cockroaches
  13 goblins
  10 hobgoblins
  5 jackals
  A quokka (D:1)
  7 frilled lizards
  20 kobolds
  27 rats
265 creatures vanquished.

Notes
Turn   | Place    | Note
-------+----------+-------------------------------------------
     0 | D:1      | Malachi the Vine Stalker Berserker began the quest for the
                  | Orb.
     0 | D:1      | Reached XP level 1. HP: 11/11 MP: 2/2
   146 | D:1      | Reached XP level 2. HP: 16/16 MP: 3/3
   265 | D:1      | Found a faded altar of an unknown god.
   522 | D:1      | Found Kosigit's General Store.
   696 | D:1      | Reached XP level 3. HP: 15/20 MP: 2/4
  1677 | D:2      | Reached ** piety under Trog
  1797 | D:2      | Noticed Sigmund
  1806 | D:2      | Killed Sigmund
  1807 | D:2      | Reached skill level 2 in Evocations
  1807 | D:2      | Gained mutation: Your natural rate of healing is unusually
                  | fast. [Vine Stalker growth]
  1807 | D:2      | Reached XP level 4. HP: 25/25 MP: 5/5
  1807 | D:2      | Reached XP level 5. HP: 29/29 MP: 6/6
  1932 | D:3      | Noticed Robin
  1961 | D:3      | Killed Robin
  1968 | D:3      | Reached XP level 6. HP: 33/33 MP: 7/7
  1977 | D:3      | Found a hide-covered altar of Uskayaw.
  2054 | D:3      | Identified a scroll of acquirement
  2054 | D:3      | Acquired a +1 pair of boots of flying
  2139 | D:3      | Found a glowing drain.
  2155 | Sewer    | Entered a sewer
  2259 | Sewer    | Reached *** piety under Trog
  2268 | Sewer    | Reached skill level 3 in Evocations
  2327 | Sewer    | Reached XP level 7. HP: 38/38 MP: 8/8
  2422 | Sewer    | Identified the +1 dagger of Ypnal {freeze, rF+ rN+ Dex+3}
  2671 | Sewer    | Reached skill level 11 in Evocations
  2671 | Sewer    | Gained mutation: You have razor-sharp teeth. [Vine Stalker
                  | growth]
  2671 | Sewer    | Reached XP level 8. HP: 42/42 MP: 9/9
  2679 | Sewer    | Reached XP level 9. HP: 54/54 MP: 10/10
  2699 | D:3      | Found a sacrificial altar of Ru.
  3232 | D:3      | Acquired 1095 gold pieces
  3301 | D:1      | Bought the +7 chain mail of Fun {Slay+3} for 827 gold
                  | pieces
  3419 | D:4      | Reached **** piety under Trog
  3480 | D:4      | Reached skill level 5 in Axes
  3491 | D:4      | Noticed Edmund
  3505 | D:4      | Killed Edmund
  3641 | D:4      | Identified the +8 hand crossbow "Sedgh" {vorpal, Dex+4}
  4445 | D:4      | Reached skill level 1 in Spellcasting
  4573 | D:5      | Entered Level 5 of the Dungeon
  4601 | D:5      | Noticed Duvessa
  4601 | D:5      | Noticed Dowan
  4612 | D:5      | Killed Dowan
  4616 | D:5      | Killed Duvessa
  4635 | D:5      | Found a staircase to the Ecumenical Temple.
  4650 | D:5      | Found a burning altar of Makhleb.
  4674 | D:5      | Noticed Menkaure
  4743 | D:5      | Killed Menkaure
  4744 | D:5      | Found a blossoming altar of Fedhas.
  4781 | D:5      | Reached skill level 10 in Fighting
  4885 | D:5      | Found Vest's Armour Shop.
  5217 | D:6      | Noticed Grinder
  5223 | D:6      | Killed Grinder
  5224 | D:6      | Reached skill level 1 in Invocations
  5224 | D:6      | Reached XP level 10. HP: 59/59 MP: 12/12
  5867 | D:7      | Noticed a two-headed ogre
  5877 | D:7      | Killed a two-headed ogre
  5878 | D:7      | Reached skill level 12 in Evocations
  6741 | D:6      | Found a runed translucent door.
  6742 | D:6      | Noticed Crazy Yiuf
  6752 | D:6      | Killed Crazy Yiuf
  7041 | D:8      | Reached ***** piety under Trog
  7042 | D:8      | Reached XP level 11. HP: 55/59 MP: 15/15
  7061 | D:8      | Found Moshiterost's Antique Weapon Shoppe.
  7073 | D:8      | Bought a broad axe for 100 gold pieces
  7236 | D:8      | Noticed a two-headed ogre
  7237 | D:8      | Noticed Pikel
  7245 | D:8      | Killed Pikel
  7246 | D:8      | Reached skill level 5 in Invocations
  7246 | D:8      | Killed a two-headed ogre
  7869 | D:9      | Found Buih's General Store.
  7918 | D:9      | Found Gizid's Jewellery Boutique.
  8007 | D:9      | Found a staircase to the Orcish Mines.
  8160 | D:9      | Found a staircase to the Lair.
  8277 | D:9      | Received a gift from Trog
  8580 | Orc:1    | Entered Level 1 of the Orcish Mines
  8580 | Orc:1    | Found a burning altar of Makhleb.
  8587 | Orc:1    | Noticed a two-headed ogre
  8594 | Orc:1    | Killed a two-headed ogre
  8600 | Orc:1    | Found Rotod's General Store.
  8608 | Orc:1    | Found Fugaewk's Jewellery Shoppe.
  8614 | Orc:1    | Noticed an orc sorcerer
  8617 | Orc:1    | Noticed an orc knight
  8740 | Orc:1    | Killed an orc knight
  8743 | Orc:1    | Killed an orc sorcerer
  8873 | D:9      | Bought the ring "Liusmown" {rF+ rN+ EV+4 Str+2} for 700
                  | gold pieces
  8899 | D:10     | Entered Level 10 of the Dungeon
  8982 | Orc:1    | Noticed Maurice
  8994 | Orc:1    | Killed Maurice
  9007 | Orc:1    | Found Derom's Armour Shop.
  9040 | Orc:1    | Found Boherch's Antique Weapon Shop.
  9074 | Orc:1    | Noticed an orc sorcerer
  9076 | Orc:1    | Noticed a sixfirhy
  9085 | Orc:1    | Killed an orc sorcerer
  9085 | Orc:1    | HP: 4/94 [poisoned by an orc sorcerer]
  9087 | Orc:1    | Succumbed to an orc sorcerer's poison

Illustrated notes

Levels and vault maps discovered:
D:1:      minmay_arrival_five_plusses, layout_loops_ring,
          dreamdust_ecumenical_altar_statues, serial_shops, shop,
          grunt_decor_one_mirror
D:2:      layout_basic, uniq_sigmund
D:3:      layout_loops_ring, lemuel_tele_altar, marbit_many_paths,
          portal_sewer_entry_d, uniq_robin
D:4:      layout_basic, uniq_edmund
D:5:      layout_loops_cross, lemuel_crystal_altar,
          mainiacjoe_overflow_brackets, minmay_temple_entry_statues_pillars,
          serial_shops, nicolae_lakefront_shop, uniq_menkaure, uniq_duvessa
D:6:      layout_basic, uniq_grinder, uniq_crazy_yiuf_cottage
D:7:      layout_cave_pods
D:8:      layout_basic, serial_shops, shop_statue, uniq_pikel
D:9:      layout_gridville, lair_entry_dummy, minmay_orc_entry_temple_small,
          serial_shops, shop, kennysheep_little_box
D:10:     layout_cave_pools, nicolae_overflow_hidden_temple
Orc:1:    layout_caves, serial_shops, nicolae_shop_trees, shop, shop, shop,
          shop, basic_altar, minmay_orc_barracks, uniq_maurice

Skill      XL: |  1  2  3  4  5  6  7  8  9 10 11 |
---------------+----------------------------------+-----
Fighting       | 3 4 9 10 | 10.0
Axes           | 3 4 5 6 8 |  8.6
Evocations     | 2 3 11 12 | 12.0
Spellcasting   | 1 |  1.0
Invocations    | 1 4 7 |  7.3
Armour         | 2 |  2.0
Dodging        | 2 |  2.0

Action                   |  1- 3 |  4- 6 |  7- 9 | 10-12 || total
-------------------------+-------+-------+-------+-------++-------
Melee: Hand axe          |    81 |    78 |   166 |   145 ||   470
       Bite              |    25 |    15 |    50 |    87 ||   177
       War axe           |       |       |       |    86 ||    86
       Broad axe         |       |       |       |     8 ||     8
Invok: Berserk           |     5 |     2 |     3 |     9 ||    19
       Trog's Hand       |       |       |       |     1 ||     1
  Use: Scroll            |       |     4 |     5 |     8 ||    17
       Potion            |       |       |     9 |       ||     9
 Stab: Sleeping          |       |     1 |     1 |       ||     2
Armor: Animal skin       |    12 |       |       |       ||    12
       Robe              |       |    26 |    16 |       ||    42
       Chain mail        |       |       |    61 |   192 ||   253
Dodge: Dodged            |    45 |    56 |    72 |   116 ||   289
